 Dungeon Crawl Stone Soup version 0.17.0-27-g4a3f43e (webtiles) character file.

44 septik the Digger (level 3, -1/19 HPs)
             Began as a Gargoyle Earth Elementalist on Nov 21, 2015.
             Slain by Robin
             ... wielding a +4 whip of electrocution
              (3 damage)
             ... on level 2 of the Dungeon.
             The game lasted 00:03:04 (1633 turns).

septik the Digger (Gargoyle Earth Elementalist)     Turns: 1633, Time: 00:03:04

Health: -1/19      AC:  5    Str: 11    XL:     3   Next: 62%
Magic:  0/7        EV: 12    Int: 16    God:
Gold:   54         SH:  0    Dex: 10    Spells: 1 memorised, 7 levels left

rFire  . . .     SeeInvis .     b - 34 stones
rCold  . . .     Clarity  .     a - +0 robe
rNeg   + . .     SustAt   .     (no shield)
rPois  ∞         Gourm    .     (no helmet)
rElec  +         Spirit   .     (no cloak)
rCorr  .         Warding  .     (no gloves)
rMut   .         Stasis   .     (no boots)
MR     .....                    (no amulet)
Stlth  ++........               (no ring)
                                (no ring)

@: not resistant to hostile enchantments, unstealthy
A: negative energy resistance 1, electricity resistance, unbreathing,
petrification resistance, rot immunity, AC +3
a: no special abilities


You were on level 2 of the Dungeon.
You were not hungry.

You visited 1 branch of the dungeon, and saw 2 of its levels.

You collected 54 gold pieces.

Inventory:

Hand Weapons
 g - a +0 club
Missiles
 b - 34 stones (in hand)
Armour
 a - a +0 robe (worn)
Jewellery
 k - a cursed ring of fire {unknown}
Scrolls
 e - a scroll of identify {unknown}
 f - a scroll of fear {unknown}
 j - a scroll of teleportation {unknown}
Potions
 h - a potion of ambrosia {unknown}
 l - a potion of curing {unknown}
 m - a potion of lignification {unknown}
 n - a potion of agility {unknown}
Books
 c - a book of Geomancy

   Spells                             Type                      Level
   a - Sandblast                      Earth                        1
   b - Stoneskin                      Transmutation/Earth          2
   c - Passwall                       Transmutation/Earth          3
   d - Stone Arrow                    Conjuration/Earth            3
   e - Petrify                        Transmutation/Earth          4
   f - Lee's Rapid Deconstruction     Earth                        5
Comestibles
 d - 3 bread rations
 i - a chunk of flesh


   Skills:
 - Level 1.5 Dodging
 - Level 2.1 Stealth
 * Level 3.0 Spellcasting
   Level 0.7 Transmutations
 + Level 4.4 Earth Magic


You had 7 spell levels left.
You knew the following spells:

 Your Spells              Type           Power        Failure   Level  Hunger
a - Sandblast             Erth           ###...       3%          1    #......


Dungeon Overview and Level Annotations

Branches:
Dungeon (2/15)

Altars:

Annotations:
D:2 Robin, Terence


Innate Abilities, Weirdness & Mutations

You are resistant to torment.
Your stone body is resilient (AC +3).
You are immune to poison.
You resist negative energy.
You are resistant to electric shocks.
You can survive without breathing.
You are immune to petrification.
You are immune to rotting.


Message History

The goblin is almost dead.
The goblin hits you but does no damage.
Casting: Sandblast
Confirm with . or Enter, or press ? or * to list all spells.
Aiming: Sandblast
Press: ? - help, Shift-Dir - straight line, f/p - goblin
Aim: a goblin, wielding a dagger of flaming (almost dead, consumed by blood-lust)
The rocky blast hits the goblin.
You kill the goblin!
The goblin misses you.
Casting: Sandblast
Confirm with . or Enter, or press ? or * to list all spells.
Aiming: Sandblast
Press: ? - help, Shift-Dir - straight line, f - goblin
Aim: a goblin (consumed by blood-lust)
The rocky blast hits the goblin.
You kill the goblin!
Robin hits you but does no damage.
Robin hits you with a whip of electrocution.
You die...

#$....# #.....# #####
####%....# ####
#...####........#
.....##.#.#....#......##
........g....##........
####.##@##K÷.....###.###
#.##.###)...........#
#.##.#...K....###.#..
#.##.#.##.....###.# #
#....#.##......##g#
#..###.##......##.###
##..##.<###....##.(##.
##..##..####....##..)).
#......#..........(.##.


You could see Robin.

Vanquished Creatures
  An adder (D:2)
  A giant gecko (D:1)
  A ball python (D:1)
  A giant cockroach (D:1)
  7 goblins
  6 hobgoblins
  2 jackals (D:1)
  A kobold (D:1)
  A quokka (D:2)
  2 bats (D:1)
  4 giant newts
  7 rats
34 creatures vanquished.

Notes
Turn   | Place    | Note
--------------------------------------------------------------
     0 | D:1      | septik the Gargoyle Earth Elementalist began the quest for the Orb.
     0 | D:1      | Reached XP level 1. HP: 10/10 MP: 3/3
   346 | D:1      | Reached skill level 4 in Earth Magic
   525 | D:1      | Reached XP level 2. HP: 6/15 MP: 0/5
  1161 | D:1      | Reached XP level 3. HP: 13/19 MP: 7/7
  1522 | D:2      | Noticed Terence
  1581 | D:2      | Noticed Robin
  1633 | D:2      | Slain by Robin

Action                   || total
-------------------------++-------
Melee: Unarmed           ||    29
       Club              ||    59
 Cast: Sandblast         ||    38
 Stab: Sleeping          ||     1
  Eat: Chunk             ||     3
